AoeStats
← 一剑扫秋风nelson

Arena

504396219Analyzed
4v4 RM · 27d ago on Sep 5, 2026· 41m 22s· 8 players
Game mode
Random Map
Map size
Large (8 player)
Population
200
Speed
Normal
Resources
Standard
Victory
Conquest
Starting age
Dark Age
Ending age
Imperial Age
RankedLock teamsTeams togetherTeam positionsShared explorationLock speedFull tech treeHidden civsTurbo modeCheats
Victory
Defeat
🇺🇸 Khmer · United States
1884
+4
🇨🇳 Mapuche · China
1811
+6
🇧🇷 Persians · Brazil
1717
+8
🇺🇸 Malay · United States
1575
+13
🇲🇽 Hindustanis · Mexico
1741
-14
🇲🇽 Koreans · Mexico
1490
-6
1478
-6
🇲🇽 Burgundians · Mexico
1428
-13
PeAcE mE
10:06 Feudal Age
14:33 Castle Age
12:48 Double-Bit Axe
13:20 Horse Collar
15:46 Bow Saw
19:25 Loom
21:19 Wheelbarrow
21:13 Heavy Plow
22:12 Hand Cart
23:20 Gold Mining
23:42 Forging
24:38 Gold Shaft Mining
25:33 Man-at-Arms
26:34 Scale Mail Armor
29:28 Imperial Age
27:00 Squires
26:21 Long Swordsman
27:12 Stone Mining
27:12 Gambesons
27:54 Chain Mail Armor
27:23 Pikeman
27:49 Arson
29:59 Iron Casting
30:58 Chemistry
29:19 Halberdier
29:31 Capped Ram
30:56 Plate Mail Armor
30:49 Siege Ram
32:50 Blast Furnace
32:44 Padded Archer Armor
33:39 Scale Barding Armor
33:59 Bloodlines
33:49 Husbandry
33:51 Cavalier
34:25 Fletching
35:01 Ballistics
36:09 Chain Barding Armor
38:25 Light Cavalry
40:09 Plate Barding Armor
41:16 Hussar
Ivbin Jirginov
11:24 Feudal Age
11:27 Feudal Age
12:36 Double-Bit Axe
15:06 Castle Age
13:57 Horse Collar
18:04 Bow Saw
18:10 Gold Mining
20:04 Town Watch
20:06 Loom
20:06 Town Watch
20:58 Wheelbarrow
26:00 Imperial Age
25:34 Hand Cart
26:35 Chemistry
29:44 Hand Cart
31:40 Heavy Plow
36:52 Crossbowman
37:38 Thumb Ring
38:36 Fletching
38:47 Padded Archer Armor
39:27 Bodkin Arrow
40:16 Gold Shaft Mining
40:33 Ballistics
41:12 Bracer
41:13 Padded Archer Armor
一剑扫秋风nelson
8:02 Feudal Age
7:04 Loom
8:39 Double-Bit Axe
15:56 Castle Age
14:52 Gold Mining
15:10 Town Watch
16:25 Horse Collar
17:50 Fletching
18:43 Bodkin Arrow
20:11 Padded Archer Armor
24:16 Ballistics
27:10 Heavy Plow
29:15 Wheelbarrow
34:36 Imperial Age
32:52 Hand Cart
33:03 Bow Saw
33:30 Gold Shaft Mining
33:23 Malon
34:05 Scale Mail Armor
35:01 Leather Archer Armor
34:39 Pikeman
35:14 Elite Bolas Rider
36:52 Crop Rotation
37:03 Butalmapu
36:55 Halberdier
38:02 Chain Mail Armor
38:51 Ring Archer Armor
39:17 Plate Mail Armor
39:58 Chemistry
39:27 Caravan
40:07 Forging
40:52 Conscription
40:29 Elite Skirmisher
E@GLE
10:16 Feudal Age
10:25 Feudal Age
13:37 Castle Age
11:56 Double-Bit Axe
11:52 Horse Collar
14:36 Bow Saw
21:22 Heavy Plow
21:48 Loom
22:42 Wheelbarrow
22:11 Stone Mining
22:33 Gold Mining
24:35 Hand Cart
25:09 Gold Shaft Mining
25:09 Stone Shaft Mining
27:56 Imperial Age
26:15 Bloodlines
26:08 Husbandry
26:55 Scale Barding Armor
28:56 Ballistics
29:40 Chemistry
28:41 Double Crossbow
29:02 Conscription
29:03 Chain Barding Armor
28:46 Elite Ballista Elephant
30:37 Plate Barding Armor
30:39 Masonry
31:09 Siege Engineers
30:53 Capped Ram
32:30 Devotion
33:58 Forging
34:27 Siege Ram
35:26 Light Cavalry
37:07 Caravan
38:07 Faith
40:03 Iron Casting
38:50 Hussar
123 POR PUNI Y SUS AMIGOS
10:35 Feudal Age
11:29 Double-Bit Axe
14:46 Castle Age
14:13 Horse Collar
18:32 Bow Saw
23:03 Wheelbarrow
22:51 Heavy Plow
26:41 Bloodlines
29:24 Imperial Age
28:03 Gold Mining
28:06 Stone Mining
28:34 Scale Barding Armor
28:46 Loom
29:18 Hand Cart
29:15 Forging
29:27 Husbandry
30:05 Stone Shaft Mining
29:35 Cavalier
31:43 Conscription
32:31 Two-Man Saw
31:19 Town Watch
32:07 Pikeman
33:11 Onager
38:59 Fletching
Duaaa
4:16 Double-Bit Axe
11:44 Feudal Age
13:57 Bow Saw
15:49 Castle Age
14:05 Horse Collar
15:57 Gold Mining
16:34 Scale Mail Armor
18:41 Wheelbarrow
20:32 Forging
21:16 Loom
23:13 Gold Shaft Mining
27:25 Chain Mail Armor
28:39 Iron Casting
29:55 Hand Cart
34:11 Fletching
38:19 Imperial Age
35:50 Bodkin Arrow
38:03 Stone Mining
38:52 Squires
39:04 Heavy Plow
40:08 Two-Man Saw
39:39 Pikeman
40:06 Arson
40:56 Crop Rotation
41:02 Plate Mail Armor
Sigfridito_aoe
11:07 Feudal Age
12:11 Double-Bit Axe
12:10 Horse Collar
14:55 Castle Age
13:20 Gold Mining
16:04 Bow Saw
23:17 Wheelbarrow
23:20 Wheelbarrow
23:57 Scale Mail Armor
24:21 Stone Mining
24:33 Heavy Plow
25:17 Chain Mail Armor
25:38 Chain Mail Armor
25:35 Squires
25:46 Forging
27:01 Loom
29:49 Imperial Age
28:02 Hand Cart
29:01 Iron Casting
29:04 Gold Shaft Mining
28:50 Bloodlines
28:44 Grand Trunk Road
30:52 Stone Shaft Mining
30:05 Town Watch
31:38 Blast Furnace
30:05 Elite Ghulam
32:50 Chemistry
32:51 Two-Man Saw
32:17 Padded Archer Armor
33:17 Leather Archer Armor
35:03 Ring Archer Armor
35:25 Conscription
38:49 Siege Engineers
39:14 Shatagni
Walmart
6:13 Loom
10:17 Feudal Age
13:42 Horse Collar
14:00 Double-Bit Axe
19:52 Castle Age
18:48 Gold Mining
27:31 Fletching
28:35 Wheelbarrow
28:28 Bodkin Arrow
30:01 Forging
35:34 Imperial Age
34:23 Fortified Wall
37:19 Chemistry
35:47 Elite Fire Lancer
37:17 Scale Mail Armor
37:52 Iron Casting
37:34 Pikeman
38:31 Chain Mail Armor
38:32 Halberdier
39:14 Squires
Connection lost

Rejoining the realm…

Still unreachable

The connection could not be restored.

Session expired

The server has moved on; the page needs a fresh start.